 Dungeon Crawl Stone Soup version 0.27.1-33-g824d729ab1 (webtiles) character file.

Game seed: 17464486504782238917

8 porpoise the Scratcher (level 2, -1/12 HPs)
             Began as a Felid Transmuter on Dec 2, 2021.
             Killed from afar by a dart slug (3 damage)
             ... with a slug dart
             ... on level 1 of the Dungeon.
             The game lasted 00:01:43 (484 turns).

porpoise the Scratcher (Felid Transmuter)            Turns: 484, Time: 00:01:43

Health: -1/12      AC:  1    Str:  6    XL:     2   Next: 0%
Magic:  6/6        EV: 17    Int: 14    God:
Gold:   0          SH:  0    Dex: 16    Spells: 4/5 levels left
                                        Lives:  0   Deaths: 0

rFire    . . .     SeeInvis +     - Unarmed
rCold    . . .     Faith    .   (shield unavailable)
rNeg     . . .     Spirit   .   (armour unavailable)
rPois    .         Reflect  .   (helmet unavailable)
rElec    .         Harm     .   (cloak unavailable)
rCorr    .         Rampage  .   (gloves unavailable)
Will     .....                  (boots unavailable)
Stlth    ++........             (no amulet)
HPRegen  0.04/turn              (no ring)
MPRegen  0.10/turn              (no ring)

@: quick
A: very small, claws 1, fangs 3, see invisible, speed 1, shaggy fur 1, stealthy
paws, no weapons or thrown items, no armour, multi-lived
a: no special abilities


You were on level 1 of the Dungeon.
You visited 1 branch of the dungeon, and saw 1 of its levels.

Inventory:

Scrolls
 a - a scroll of noise {unknown}


   Skills:
 + Level 1.4 Fighting
 - Level 2.6 Dodging
 + Level 0.8 Stealth
 + Level 3.2 Unarmed Combat
 - Level 2.0 Spellcasting
 - Level 2.1 Transmutations


You had 4 spell levels left.
You knew the following spells:

 Your Spells              Type           Power      Damage    Failure   Level
a - Beastly Appendage     Tmut           14%        N/A       10%         1

Your spell library contained the following spells:

 Spells                   Type           Power      Damage    Failure   Level
 Wereblood                Tmut           7%         N/A       14%         2
 Spider Form              Tmut/Pois      2%         N/A       41%         3
 Ice Form                 Ice/Tmut       4%         N/A       83%         4


Dungeon Overview and Level Annotations

Branches:
Dungeon (1/15)

Altars:


Innate Abilities, Weirdness & Mutations

You have sharp claws.
You have razor-sharp teeth.
You have supernaturally acute eyesight. (SInv)
You cover ground quickly. (Speed+)
You are covered in fur. (AC +1)
Your paws help you pounce on unaware monsters.
You are incapable of wielding weapons or throwing items.
You cannot wear armour.
You gain extra lives every three experience levels.


Message History

You kill the rat!
A kobold comes into view. It is wielding a +0 club.
Found a stone staircase leading down.
The kobold shouts!
A dart slug comes into view.
The kobold throws a stone.
The stone closely misses you.
Found a ring mail.
The endoplasm quivers.
The kobold hits you with a +0 club.
You scratch the kobold.
The kobold is heavily wounded.
The kobold closely misses you.
You miss the kobold.
The kobold is heavily wounded.
The kobold completely misses you.
You closely miss the kobold.
The kobold is heavily wounded.
The kobold closely misses you.
You scratch the kobold.
You kill the kobold!
You scratch the endoplasm.
The endoplasm is severely wounded.
The endoplasm hits you.
You scratch the endoplasm.
The endoplasm is almost dead.
The endoplasm freezes you.
You are frozen.
Ouch! That really hurt!
* * * LOW HITPOINT WARNING * * *
You are too injured to fight recklessly!
You are too injured to fight recklessly!
You scratch the endoplasm.
You kill the endoplasm!
The dart slug misses you.
You have reached level 2!
You completely miss the dart slug. You barely miss the dart slug.
The dart slug launches a dart at you. The slug dart hits you.
You die...

(#..##...###..>.r..#
'##....#..#..###J.##
..###..##..(.# .#
>.#6#........# .#
..####.......# .#
+## ##.....## .#
#### #...#..###
[#.....
#).......##....#
##.##.....@)# ...
#.....w..# ..##
#......#..# ##
###..####.... #..#
.>#.. #... .# . ##.w
. ## ..


You could see a dart slug.

Vanquished Creatures
  A ball python (D:1)
  2 endoplasms (D:1)
  A kobold (D:1)
  A quokka (D:1)
  A frilled lizard (D:1)
  A rat (D:1)
7 creatures vanquished.

Notes
Turn   | Place    | Note
-------+----------+-------------------------------------------
     0 | D:1      | porpoise the Felid Transmuter began the quest for the Orb.
     0 | D:1      | Reached XP level 1. HP: 9/9 MP: 4/4
     0 | D:1      | Noticed a ghoul
     1 | D:1      | Noticed a draconian
     3 | D:1      | Noticed a tengu
     3 | D:1      | Noticed an ogre
     7 | D:1      | Noticed a felid
     9 | D:1      | Noticed a palentonga
    11 | D:1      | Noticed a barachi
    11 | D:1      | Noticed a barachi
    15 | D:1      | Noticed a djinni
    15 | D:1      | Noticed a felid
    17 | D:1      | Noticed a djinni
    19 | D:1      | Noticed a human
    19 | D:1      | Noticed a gargoyle
    21 | D:1      | Noticed a demonspawn
   483 | D:1      | Reached XP level 2. HP: 2/12 MP: 6/6
   484 | D:1      | Killed from afar by a dart slug

Illustrated notes

Levels and vault maps discovered:
D:1:      shiori_arrival_whats_in_store_for_you, layout_rooms,
          ebering_ecumenical_altar_webs, minmay_tiny_reverse_x

Action                   || total
-------------------------++-------
Melee: Unarmed           ||    19
Dodge: Dodged            ||    14
